 Dungeon Crawl Stone Soup version 0.27-a0-1105-g946c659c87 (webtiles) character file.

Game seed: 9960657858150531942

15367 rjrrt the Cleaver (level 12, -3/93 HPs)
             Began as a Demonspawn Berserker on Apr 30, 2021.
             Was a High Priest of Trog.
             Slain by Rupert
             ... wielding a +1 vorpal battleaxe
              (11 damage)
             ... on level 14 of the Dungeon.
             The game lasted 00:21:07 (12335 turns).

rjrrt the Cleaver (Demonspawn Berserker)           Turns: 12335, Time: 00:21:08

Health: -3/93      AC: 13    Str: 22    XL:     12   Next: 0%
Magic:  12/12      EV: 10    Int:  9    God:    Trog [*****.]
Gold:   492        SH: 15    Dex: 13    Spells: 11/11 levels left

rFire    . . .     SeeInvis .   a - +1 war axe (freeze)
rCold    . . .     Faith    .   s - +2 buckler
rNeg     . . .     Spirit   .   x - +2 chain mail {rPois}
rPois    +         Reflect  .   (no helmet)
rElec    .         Harm     .   (no cloak)
rCorr    .         Rampage  .   (no gloves)
Will     +....                  m - +0 pair of boots
Stlth    ..........             n - amulet of the acrobat
HPRegen  0.25/turn              f - ring of willpower
MPRegen  0.13/turn              (no ring)

@: on berserk cooldown, slowed, very slow
A: claws 2, large bone plates 3, powered by pain 1, spiny 1
a: Renounce Religion, Berserk, Trog's Hand, Brothers in Arms


You were on level 14 of the Dungeon.
You worshipped Trog.
Trog was extremely pleased with you.
You visited 1 branch of the dungeon, and saw 12 of its levels.

You collected 492 gold pieces.

Inventory:

Hand Weapons
 a - a +1 war axe of freezing (weapon)
 b - a +0 hunting sling
 q - a +2 flail of venom
 v - a +0 trident of protection
 y - a +0 battleaxe
Missiles
 A - 10 sling bullets
Armour
 m - a +0 pair of boots (worn)
 s - a +2 buckler (worn)
 x - a +2 chain mail of poison resistance (worn)
Jewellery
 f - a ring of willpower (left claw)
 n - an amulet of the acrobat (around neck)
Wands
 o - a wand of iceblast (8)
 u - a wand of charming (11)
 w - a wand of flame (61)
Scrolls
 c - 2 scrolls of identify
 h - a scroll of magic mapping
 j - 7 scrolls of teleportation
 t - a scroll of silence
Potions
 d - 5 potions of lignification
 e - a potion of mutation
 g - 9 potions of curing
 k - 2 potions of flight
 p - a potion of attraction


   Skills:
 + Level 8.3 Fighting
 * Level 12.7 Axes
 + Level 7.1 Armour
 + Level 7.2 Dodging
 - Level 4.0 Shields


You had 11 spell levels left.
You didn't know any spells.
Your spell library was empty.

Dungeon Overview and Level Annotations

Branches:
Dungeon (11/15)            Temple (0/1) D:7
   Lair: D:8-11         Orc: D:9-12

Altars:
Elyvilon
Vehumet

Shops:
D:4 *(*(

Annotations:
D:14 Rupert


Innate Abilities, Weirdness & Mutations

You have very sharp fingernails.
You are completely covered in large bone plates. (SH +8)
You sometimes gain a little power by taking damage.
You are partially covered in sharp spines.


Message History

* * * LOW HITPOINT WARNING * * *
The five-headed hydra bites you but does no damage.
The five-headed hydra bites you!
* * * LOW HITPOINT WARNING * * *
The five-headed hydra bites you.
* * * LOW HITPOINT WARNING * * *
You slash Rupert! You freeze Rupert.
Rupert is heavily wounded.
You hack one of the five-headed hydra's heads off!
The four-headed hydra grows two more!
You slash the six-headed hydra! You freeze the six-headed hydra.
You are no longer berserk.
You are exhausted.
You feel yourself slow down. Rupert barely misses you.
The six-headed hydra is struck by your spines.
The six-headed hydra barely misses you. The six-headed hydra bites you.
* * * LOW HITPOINT WARNING * * *
The six-headed hydra bites you but does no damage.
The six-headed hydra completely misses you.
The six-headed hydra closely misses you.
The six-headed hydra bites you.
* * * LOW HITPOINT WARNING * * *
The six-headed hydra is struck by your spines.
The six-headed hydra bites you.
* * * LOW HITPOINT WARNING * * *
The six-headed hydra bites you but does no damage. x2
The six-headed hydra misses you.
The six-headed hydra completely misses you. x2
Rupert misses you.
You closely miss Rupert.
Rupert is heavily wounded.
You hit the six-headed hydra but do no damage.
You feel less confused.
The six-headed hydra is struck by your spines.
The six-headed hydra bites you but does no damage.
You block the six-headed hydra's attack. x2
The six-headed hydra closely misses you. x2
You block the six-headed hydra's attack.
Rupert hits you with a +1 vorpal battleaxe!
You die...

######+###
#........#
#.?......#
+.@@.....#
#..D.....#
#........#
#........+
#........#
#........#
#........#
##########


You could see Rupert and a six-headed hydra.

Vanquished Creatures
  Erica (D:10)
  4 two-headed ogres
  A death yak (D:10)
  Pikel (D:4)
  An ugly thing (D:11)
  Grinder (D:5)
  Prince Ribbit (D:8)
  A hornet (D:9)
  A shadow (D:9)
  19 yaks
  4 steam dragons
  Edmund (D:5)
  3 acid dragons
  A water moccasin (D:7)
  2 ice beasts
  3 orc warriors
  2 sky beasts
  A necrophage (D:6)
  2 black bears
  6 ogres (D:10)
  5 centaurs
  6 kobold brigands
  2 phantoms
  A lemure (D:4)
  3 bullfrogs
  3 scorpions (D:6)
  A water moccasin zombie (D:5)
  5 wights (D:9)
  4 killer bees (D:9)
  A bullfrog skeleton (D:4)
  5 orc priests
  6 hounds
  3 iguanas
  5 gnoll shamans
  Ijyb (D:5)
  7 orc wizards
  2 killer bee zombies
  2 hound skeletons
  17 gnolls
  8 adders
  A river rat (D:11)
  4 worms
  4 dart slugs
  25 orcs
  7 ball pythons
  6 endoplasms
  A giant cockroach (D:4)
  4 goblins
  5 hobgoblins
  7 jackals
  7 quokkas
  5 bats
  2 frilled lizards
  28 kobolds
  4 rats
253 creatures vanquished.

Vanquished Creatures (collateral kills)
  Harold (D:11)
  A hydra (D:11)
  A two-headed ogre (D:11)
  2 death yaks (D:11)
  An orc warrior (D:9)
6 creatures vanquished.

Vanquished Creatures (others)
  6 fungi (D:10)
  10 plants (D:10)
16 creatures vanquished.

Grand Total: 275 creatures vanquished

Notes
Turn   | Place    | Note
-------+----------+-------------------------------------------
     0 | D:1      | rjrrt the Demonspawn Berserker began the quest for the Orb.
     0 | D:1      | Reached XP level 1. HP: 18/18 MP: 1/1
   122 | D:1      | Reached skill level 3 in Axes
   388 | D:1      | Gained mutation: You have sharp fingernails. [demonic
                  | ancestry]
   388 | D:1      | Reached XP level 2. HP: 23/24 MP: 2/2
  1093 | D:2      | Gained mutation: You are partially covered in large bone
                  | plates. (SH +4) [demonic ancestry]
  1093 | D:2      | Reached XP level 3. HP: 23/29 MP: 3/3
  1310 | D:2      | Reached ** piety under Trog
  1311 | D:2      | Reached skill level 4 in Axes
  1472 | D:2      | HP: 1/29 [poisoned by an adder]
  1749 | D:2      | Gained mutation: You sometimes gain a little power by
                  | taking damage. [demonic ancestry]
  1749 | D:2      | Reached XP level 4. HP: 28/35 MP: 4/4
  2534 | D:3      | Reached skill level 5 in Axes
  3017 | D:4      | Reached XP level 5. HP: 37/41 MP: 5/5
  3133 | D:4      | Found Xiegrud's General Store.
  3139 | D:4      | Noticed a black bear
  3154 | D:4      | Reached skill level 6 in Axes
  3159 | D:4      | Killed a black bear
  3160 | D:4      | Gained mutation: You have very sharp fingernails. [demonic
                  | ancestry]
  3160 | D:4      | Reached XP level 6. HP: 47/47 MP: 6/6
  3404 | D:4      | Found Filios's Assorted Antiques.
  3428 | D:4      | Reached *** piety under Trog
  3433 | D:4      | Reached skill level 7 in Axes
  3440 | D:4      | Gained mutation: You are partially covered in sharp spines.
                  | [demonic ancestry]
  3440 | D:4      | Reached XP level 7. HP: 47/52 MP: 7/7
  3729 | D:4      | Noticed Pikel
  3769 | D:4      | Killed Pikel
  3770 | D:4      | Reached skill level 9 in Axes
  3770 | D:4      | Reached XP level 8. HP: 58/58 MP: 8/8
  3821 | D:4      | Found Bemnace's Weapon Shoppe.
  3867 | D:4      | Found Pid Vat's Antique Weapon Shoppe.
  3986 | D:5      | Entered Level 5 of the Dungeon
  3986 | D:5      | Noticed Grinder
  4000 | D:5      | Killed Grinder
  4847 | D:5      | Noticed Ijyb
  4853 | D:5      | Killed Ijyb
  4865 | D:5      | Noticed Edmund
  4880 | D:5      | Killed Edmund
  4928 | D:5      | Reached XP level 9. HP: 62/66 MP: 9/9
  5727 | D:6      | Reached skill level 10 in Axes
  5934 | D:6      | Reached skill level 5 in Fighting
  5954 | D:6      | Reached **** piety under Trog
  6632 | D:7      | Found a staircase to the Ecumenical Temple.
  7258 | D:8      | Reached skill level 1 in Shields
  7450 | D:8      | Noticed Prince Ribbit
  7465 | D:8      | Killed Prince Ribbit
  7546 | D:8      | Reached XP level 10. HP: 71/76 MP: 10/10
  7556 | D:8      | Reached skill level 5 in Dodging
  7707 | D:8      | Reached skill level 5 in Armour
  8013 | D:8      | Identified the +4 scale mail of Claustrophobia {Str+3}
  8069 | D:9      | Paralysed by a hornet for 3 turns
  8071 | D:9      | Noticed a two-headed ogre
  8079 | D:9      | Killed a two-headed ogre
  8080 | D:9      | Reached skill level 11 in Axes
  8706 | D:9      | Reached ***** piety under Trog
  9185 | D:10     | Entered Level 10 of the Dungeon
  9434 | D:10     | Noticed Erica
  9443 | D:10     | Killed Erica
  9444 | D:10     | Gained mutation: You are mostly covered in large bone
                  | plates. (SH +6) [demonic ancestry]
  9444 | D:10     | Reached XP level 11. HP: 51/84 MP: 11/11
 10391 | D:10     | Reached skill level 12 in Axes
 11186 | D:11     | Noticed a two-headed ogre
 11190 | D:11     | Killed a two-headed ogre
 11289 | D:11     | Noticed a death yak
 11306 | D:11     | Noticed Harold
 11315 | D:11     | Killed Harold
 11317 | D:11     | Killed a death yak
 11318 | D:11     | Noticed an eight-headed hydra
 11319 | D:11     | Noticed a death yak
 11320 | D:11     | Noticed a death yak
 11325 | D:11     | Noticed a two-headed ogre
 11328 | D:11     | Killed a death yak
 11329 | D:11     | Killed an eight-headed hydra
 11351 | D:10     | Killed a death yak
 11527 | D:11     | Killed a two-headed ogre
 11789 | D:11     | Noticed a two-headed ogre
 11797 | D:11     | Killed a two-headed ogre
 12092 | D:11     | Found a radiant altar of Vehumet.
 12092 | D:11     | Noticed a purple ugly thing
 12092 | D:11     | Noticed a two-headed ogre
 12103 | D:11     | Killed a purple ugly thing
 12110 | D:11     | Killed a two-headed ogre
 12111 | D:11     | Gained mutation: You are completely covered in large bone
                  | plates. (SH +8) [demonic ancestry]
 12111 | D:11     | Reached XP level 12. HP: 93/93 MP: 12/12
 12320 | D:11     | You fall into a shaft and drop 3 floors!
 12321 | D:14     | Noticed Rupert
 12321 | D:14     | Noticed a four-headed hydra
 12327 | D:14     | Paralysed by Rupert for 4 turns
 12335 | D:14     | Slain by Rupert

Illustrated notes

Levels and vault maps discovered:
D:1:      minmay_arrival_open_corners, layout_loops_cross
D:2:      layout_rooms, st_stairs_2, minivault_23
D:3:      layout_basic, chequers_serial_rivers_marsh
D:4:      layout_rooms, elyvilon_altar_3, serial_shops, kennysheep_little_box,
          shop_statue, shop, shop, st_stairs_1, minmay_misc_feat_x, uniq_pikel
D:5:      layout_basic, minmay_misc_feat_rugged, uniq_grinder, uniq_edmund,
          uniq_ijyb
D:6:      layout_basic
D:7:      layout_rooms, minmay_temple_entry_fiery, minivault_27
D:8:      layout_basic, uniq_prince_ribbit1
D:9:      layout_loops_ring, serial_rivers, chequers_serial_rivers_room_b,
          chequers_serial_rivers_micro_a, chequers_serial_rivers_micro_b,
          chequers_serial_rivers_room_b, serial_park_tiny_1,
          minmay_misc_feat_alley
D:10:     kennysheep_seaside_town, layout_small_grid, dk_vineyard_1, uniq_erica
D:11:     layout_cave_pods, dpeg_lair_monsters, nicolae_vehumet_altar_sigil,
          uniq_harold
D:14:     layout_roguey, uniq_nessos, uniq_louise, uniq_rupert

Skill      XL: |  1  2  3  4  5  6  7  8  9 10 11 |
---------------+----------------------------------+-----
Axes           | 3 4 5 6 7 9 10 11 12 | 12.7
Armour         | 3 4 5 7 |  7.1
Dodging        | 3 4 6 7 |  7.2
Fighting       | 4 5 7 8 |  8.3
Shields        | 1 3 4 |  4.0

Action                   |  1- 3 |  4- 6 |  7- 9 | 10-12 || total
-------------------------+-------+-------+-------+-------++-------
Melee: Hand axe          |   121 |   134 |   107 |       ||   362
       War axe           |       |       |   162 |   312 ||   474
Invok: Berserk           |     2 |     4 |     6 |     7 ||    19
       Brothers in Arms  |       |       |       |     4 ||     4
Evoke: Wand              |       |       |     5 |       ||     5
  Use: Potion            |     2 |       |       |     1 ||     3
       Scroll            |       |     9 |     7 |     4 ||    20
Armor: Chain mail        |    69 |    74 |    64 |    29 ||   236
       Animal skin       |     1 |       |       |       ||     1
       Plate armour      |       |       |    19 |    15 ||    34
       Scale mail        |       |       |       |    32 ||    32
Dodge: Dodged            |    55 |    36 |    67 |   122 ||   280
Block: Other             |    11 |    34 |    21 |       ||    66
       Buckler           |       |       |    66 |   158 ||   224

Table legend: (Time is in decaauts)
 A = Elapsed time spent in this place.
 B = Non-inter-level travel time spent in this place.
 C = Inter-level travel time spent in this place.
 D = Time resting spent in this place.
 E = Time spent auto-exploring this place.
 F = Levels seen in this place.
 G = Mean time per level.
                   A        B        C        D        E       F      G
               +--------+--------+--------+--------+--------+-----+--------+
         Total |  12503 |  12139 |    364 |   1572 |   8356 |  12 | 1041.9 |
       Dungeon |  12503 |  12139 |    364 |   1572 |   8356 |  12 | 1041.9 |
               +--------+--------+--------+--------+--------+-----+--------+

Top non-repeatable levels by time:
    D:10: 1880 daAuts
     D:9: 1452 daAuts
     D:5: 1423 daAuts
     D:3: 1033 daAuts
     D:1: 1032 daAuts
     D:4: 1013 daAuts
     D:2: 991 daAuts
    D:11: 983 daAuts
     D:6: 909 daAuts
     D:7: 905 daAuts
     D:8: 863 daAuts
    D:14: 12 daAuts
